 Dungeon Crawl Stone Soup version 0.27.0-1-g7a089689b8 (webtiles) character file.

Game seed: 15519251337592893061

252 ZARRMARR the Gusty (level 5, -3/39 HPs)
             Began as a Draconian Air Elementalist on Aug 3, 2021.
             Was an Initiate of the Shining One.
             Slain by Pikel (8 damage)
             ... on level 4 of the Dungeon.
             The game lasted 00:18:57 (3719 turns).

ZARRMARR the Gusty (Draconian Air Elementalist)     Turns: 3719, Time: 00:18:58

Health: -3/39      AC:  6    Str: 10    XL:     5   Next: 89%
Magic:  9/9        EV: 12    Int: 17    God:    the Shining One [......]
Gold:   102        SH:  0    Dex: 11    Spells: 6/10 levels left

rFire    . . .     SeeInvis .   a - +2 mace (protect)
rCold    . . .     Faith    .   (no shield)
rNeg     . . .     Spirit   .   (armour unavailable)
rPois    .         Reflect  .   (helmet restricted)
rElec    .         Harm     .   f - +0 cloak
rCorr    .         Rampage  .   (no gloves)
Will     .....                  (no boots)
Stlth    +.........             o - amulet of magic regeneration
HPRegen  0.13/turn              (no ring)
MPRegen  0.36/turn              (no ring)

@: slowed, glowing, very slow
A: AC +5, unfitting armour, cold-blooded
a: Renounce Religion


You were on level 4 of the Dungeon.
You worshipped the Shining One.
The Shining One was noncommittal.
You visited 1 branch of the dungeon, and saw 4 of its levels.

You collected 166 gold pieces.
You spent 64 gold pieces at shops.

Inventory:

Hand Weapons
 a - a +2 mace of protection (weapon)
Missiles
 i - 5 boomerangs (quivered)
 k - 22 poisoned darts
Armour
 f - a +0 cloak (worn)
Jewellery
 o - an amulet of magic regeneration (around neck)
Scrolls
 c - a scroll of enchant weapon {unknown}
 d - a scroll of acquirement {unknown}
 e - a scroll of fog
 g - a scroll of vulnerability {unknown}
 h - 3 scrolls of enchant armour
 l - a scroll of teleportation {unknown}
 n - a scroll of amnesia {unknown}
Potions
 b - 2 potions of berserk rage {unknown}
 j - a potion of degeneration {unknown}
 m - a potion of brilliance {unknown}
 p - 2 potions of haste {unknown}


   Skills:
 + Level 0.8 Fighting
 + Level 2.1 Maces & Flails
 + Level 0.1 Throwing
 + Level 2.2 Dodging
 + Level 2.1 Stealth
 + Level 3.2 Spellcasting
 + Level 2.3 Conjurations
 + Level 4.3 Air Magic


You had 6 spell levels left.
You knew the following spells:

 Your Spells              Type           Power      Damage    Failure   Level
a - Shock                 Conj/Air       56%        1d6       4%          1
b - Stone Arrow           Conj/Erth      12%        3d7       32%         3

Your spell library contained the following spells:

 Spells                   Type           Power      Damage    Failure   Level
 Static Discharge         Conj/Air       14%        N/A       7%          2
 Swiftness                Air            17%        N/A       9%          3
 Airstrike                Air            8%         N/A       28%         4
 Gell's Gravitas          Tloc           1%         N/A       45%         3
 Lesser Beckoning         Tloc           1%         N/A       45%         3
 Teleport Other           Tloc           2%         N/A       45%         3
 Lehudib's Crystal Spear  Conj/Erth      3%         10d2      100%        8
 Animate Armour           Summ/Erth      Unusable   N/A       N/A         4

Dungeon Overview and Level Annotations

Branches:
Dungeon (4/15)
 Temple: D:4-7

Altars:
Trog
The Shining One
Lugonu

Shops:
D:1 =   D:2 *   D:3 :

Portals:
Abyss: D:3

Annotations:
D:4 Pikel, Robin


Innate Abilities, Weirdness & Mutations

Your plain brown scales are hard. (AC +5)
You cannot fit into any form of body armour.
You are cold-blooded and may be slowed by cold attacks.


Message History

Pikel is lightly wounded.
A lemure comes into view.
Pikel hits you with a +2 whip of freezing.
Pikel freezes you.
You closely miss Pikel.
Pikel is lightly wounded.
Pikel hits you with a +2 whip of freezing.
You feel yourself slow down. Pikel freezes you. Pikel closely misses you.
You miss Pikel.
Pikel is lightly wounded.
You feel yourself speed up.
Pikel hits you with a +2 whip of freezing!
You feel yourself slow down. Pikel freezes you.
Pikel hits you with a +2 whip of freezing!
Pikel freezes you.
Casting: Shock (safe; 4% risk of failure)
Confirm with . or Enter, or press ? or * to list all spells.
Aiming: Shock (safe; 4% risk of failure)
Press: ? - help, Shift-Dir - straight line The zap hits Pikel but does no damage.
Pikel is lightly wounded.
The zap misses the lemure.
The zap hits the lemure.
The lemure is lightly wounded.
The zap hits the lemure.
The lemure is lightly wounded.
The zap hits the lemure.
The lemure is lightly wounded.
Pikel hits you with a +2 whip of freezing.
* * * LOW HITPOINT WARNING * * *
Pikel freezes you.
* * * LOW HITPOINT WARNING * * *
You closely miss Pikel.
Pikel is lightly wounded.
You feel yourself speed up.
Pikel hits you with a +2 whip of freezing.
* * * LOW HITPOINT WARNING * * *
You feel yourself slow down. Pikel freezes you.
* * * LOW HITPOINT WARNING * * *
Pikel hits you with a +2 whip of freezing!
You die...

#########
#........
#@#######
#K# #5#
#5# #55
###


You could see Pikel and 4 lemures.

Vanquished Creatures
  A necrophage (D:3)
  A centaur zombie (D:3)
  2 gnolls
  4 adders
  An adder skeleton (D:2)
  A worm (D:2)
  2 dart slugs (D:1)
  An orc (D:3)
  10 ball pythons
  5 endoplasms
  2 giant cockroaches
  11 goblins
  5 hobgoblins
  3 kobolds
  3 quokkas (D:2)
  6 bats
  4 frilled lizards
  7 rats
  A lurking horror (D:3)
70 creatures vanquished.

Vanquished Creatures (others)
  2 plants (D:2)
2 creatures vanquished.

Grand Total: 72 creatures vanquished

Notes
Turn   | Place    | Note
-------+----------+-------------------------------------------
     0 | D:1      | ZARRMARR the Draconian Air Elementalist began the quest for
                  | the Orb.
     0 | D:1      | Reached XP level 1. HP: 14/14 MP: 3/3
   386 | D:1      | Reached XP level 2. HP: 18/20 MP: 1/5
   607 | D:1      | Found Vagiur's Jewellery Shop.
   632 | D:1      | Reached XP level 3. HP: 26/26 MP: 6/6
  1260 | D:2      | Found Qaocw's Assorted Antiques.
  1470 | D:2      | Reached skill level 1 in Maces & Flails
  1804 | D:2      | Reached XP level 4. HP: 27/33 MP: 3/7
  2016 | D:2      | Found a faded altar of an unknown god.
  2183 | D:2      | Reached skill level 4 in Air Magic
  2341 | D:2      | Bought a scroll of identify for 64 gold pieces
  2384 | D:3      | Found a one-way gate to the infinite horrors of the Abyss.
  2385 | D:3      | Found a corrupted altar of Lugonu.
  2621 | D:3      | Found a bloodstained altar of Trog.
  2662 | D:3      | Found Sadami's Book Shoppe.
  3343 | D:2      | Learned a level 3 spell: Stone Arrow
  3370 | D:4      | Noticed Robin
  3371 | D:4      | Reached XP level 5. HP: 35/38 MP: 6/9
  3372 | D:4      | Noticed a necrophage
  3409 | D:3      | Killed a necrophage
  3622 | D:4      | Found a glowing golden altar of the Shining One.
  3629 | D:4      | Became a worshipper of the Shining One
  3709 | D:4      | Noticed a lemure
  3709 | D:4      | Noticed Pikel
  3710 | D:4      | Noticed a lemure
  3712 | D:4      | Noticed a lemure
  3715 | D:4      | Noticed a lemure
  3719 | D:4      | Slain by Pikel

Illustrated notes

Levels and vault maps discovered:
D:1:      lemuel_arrival_behind_the_door_large, layout_loops_ring, serial_shops,
          nicolae_square_shop, minmay_splitting_lines, minmay_split_cup_small
D:2:      layout_loops_cross, ebering_ecumenical_altar_box, serial_shops,
          nicolae_shop_overgrown_old_shop, grunt_decor_clamped
D:3:      layout_basic, trog_three_pillars_becter, serial_shops,
          nicolae_shop_behind_doors, amcnicky_altar_lugonu_corruption
D:4:      minmay_door_path, layout_basic, nicolae_elyvilon_peaceful_grove,
          tso_altar, uniq_robin, uniq_crazy_yiuf_cottage, uniq_pikel

Skill      XL: |  1  2  3  4  5 |
---------------+----------------+-----
Dodging        | 2 |  2.2
Stealth        | 2 |  2.1
Maces & Flails | 1 2 |  2.1
Air Magic      | 4 |  4.3
Conjurations   | 2 |  2.3
Spellcasting   | 3 |  3.2
Fighting       | |  0.8
Throwing       | |  0.1

Action                   |  1- 3 |  4- 6 || total
-------------------------+-------+-------++-------
Melee: Mace              |    50 |    41 ||    91
       Tailslap          |     2 |     5 ||     7
Throw: Stone             |    15 |       ||    15
       Boomerang         |       |     1 ||     1
 Cast: Shock             |    59 |    50 ||   109
  Use: Scroll            |     1 |     1 ||     2
 Stab: Sleeping          |     1 |     1 ||     2
Armor: Skin              |    16 |    25 ||    41
Dodge: Dodged            |    29 |    35 ||    64
